 Dungeon Sprint DCSS version 0.22-a0-367-gb72a975701 (webtiles) character file.

15191 KillingSpree the Bludgeoner (level 11, -6/96 HPs)
             Began as a Demonspawn Fighter on Apr 22, 2018.
             Was the Champion of Trog.
             Mangled by an ettin
             ... wielding a +0 dire flail
              (28 damage)
             ... in the Dungeon (Sprint IX: "|||||||||||||||||||||||||||||").
             The game lasted 00:06:56 (2039 turns).

KillingSpree the Bludgeoner (Demonspawn Fighter)    Turns: 2039, Time: 00:06:57

Health: -6/96      AC: 21    Str: 23    XL:     11   Next: 98%
Magic:  4/11       EV: 16    Int:  8    God:    Trog [******]
Gold:   50         SH: 19    Dex: 14    Spells: 10/10 levels left

rFire    + . .     SeeInvis .   E - +4 flail (venom)
rCold    . . .     Gourm    .   M - +1 large shield
rNeg     . . .     Faith    .   O - +3 chain mail
rPois    .         Spirit   .   (helmet restricted)
rElec    .         Reflect  .   r - +0 cloak
rCorr    .         Harm     .   s - +0 pair of gloves
MR       .....     NoTele   +   (boots unavailable)
Stlth    ..........             (no amulet)
HPRegen  0.26/turn              H - ring "Joibum" {rF+ Str+5}
MPRegen  0.12/turn              G - ring of Phasing {EV+8}

@: berserk cooldown, slowed, very slow
A: hooves 3, horns 1, yellow scales 2, demonic guardian 1, dopey 1, evolution 1
a: Berserk, Trog's Hand, Brothers in Arms, Renounce Religion


You were in the Dungeon.
You worshipped Trog.
Trog was exalted by your worship.
You were near starving.

You visited 1 branch You collected 1925 gold pieces.
You spent 1875 gold pieces at shops.

Inventory:

Hand Weapons
 a - a +0 flail
 j - a +0 shortbow
 q - a +2 morningstar of crushing
 D - a +6 shortbow of freezing
 E - a +4 flail of venom (weapon)
 F - a +4 longbow of flaming
Missiles
 l - 205 arrows
Armour
 b - a +0 scale mail
 c - a +0 shield
 r - a +0 cloak (worn)
 s - a +0 pair of gloves (worn)
 t - a +1 chain mail
 A - a +0 helmet
 B - a +0 pair of boots
 M - a +1 large shield (worn)
 N - a +1 helmet
 O - a +3 chain mail (worn)
Jewellery
 m - an uncursed ring of stealth
 u - a +2 ring of protection
 v - a +2 ring of protection
 G - the ring of Phasing (right hand) {EV+8}
   (You bought it in a shop in the Dungeon)

   [ring of evasion]

   It affects your evasion (+8).
 H - the ring "Joibum" (left hand) {rF+ Str+5}
   (You bought it in a shop in the Dungeon)

   [ring of protection from fire]

   It affects your strength (+5).
   It protects you from fire.
 I - an uncursed ring of protection from fire
 J - an uncursed ring of protection from magic
 K - an uncursed ring of fire
 L - an uncursed ring of poison resistance
Wands
 p - a wand of acid (10)
 C - a wand of scattershot (6)
Scrolls
 k - 3 scrolls of blinking
 o - 3 scrolls of remove curse
 w - 5 scrolls of enchant weapon
 x - 2 scrolls of enchant armour
 y - 2 scrolls of fog
 P - a scroll of identify
 Q - a scroll of fear
Potions
 d - 2 potions of might
 e - 7 potions of curing
 f - a potion of resistance
 g - 3 potions of heal wounds
 h - 6 potions of haste
 i - 4 potions of magic
 n - a potion of invisibility
Comestibles
 z - 11 rations


   Skills:
 + Level 12.4 Fighting
 + Level 16.4 Maces & Flails
 * Level 12.0 Bows
 + Level 11.1 Armour
 + Level 5.5 Dodging
 + Level 10.5 Shields


You had 10 spell levels left.
You didn't know any spells.

Dungeon Overview and Level Annotations

Branches:
Dungeon (1/1)

Altars:
Cheibriados
Dithmenos
Elyvilon
Fedhas
Gozag
Hepliaklqana
Kikubaaqudgha
Makhleb
Nemelex Xobeh
Okawaru
Qazlal
Ru
Sif Muna
Trog
Uskayaw
Vehumet
Wu Jian
Xom
Yredelemnul
Zin
The Shining One
Beogh
Jiyva
Lugonu

Shops:
D ==([


Innate Abilities, Weirdness & Mutations

You have hooves in place of feet.
You are mostly covered in yellow scales. (AC +3)
A weak demonic guardian rushes to your aid.
You have a pair of small horns on your head.
You are dopey. (Int -2)
You evolve.


Message History

Items here: ) [[ ††† Unknown command.
Your cyclops goes berserk!
You are near starving!
Unknown command.
You swap places.
The ettin hits your cyclops with a dire flail!!
The ettin hits your cyclops with a dire flail.
Your cyclops hits the ettin!!!
The ettin hits your cyclops with a dire flail!!!
Your cyclops dies!
Your cyclops's corpse disappears in a puff of smoke!
There is an open door to the Dungeon, spattered with blood here.
Things that are here:
a runed dire flail {god gift}; 11 arrows; a manticore corpse You see here 29 arrows.
Unknown command.
l - 205 arrows (gained 29)
The ettin closely misses you. The ettin hits you with a dire flail!!
You die...

...')).........†'.......†)†......
▓▓▓▓▓▓▓▓▓▓▓▓▓▓▓▓▓▓▓▓▓▓▓▓▓▓▓▓▓▓▓▓▓
.......).........................
▓▓▓▓▓▓▓▓▓▓▓▓▓▓▓▓▓▓▓▓▓▓▓▓▓▓▓▓▓▓▓▓▓
.....∩)∩[∩.∩..[)÷[.........)))((.
▓▓▓▓▓▓▓▓▓▓▓▓▓▓▓▓▓▓▓▓▓▓▓▓▓▓▓▓▓▓▓▓▓
.................................
▓▓▓▓▓▓▓▓▓▓▓▓▓▓▓▓▓▓▓▓▓▓▓▓▓▓▓▓▓▓▓▓▓
...G.CC.DC@5........[[[.[.[
▓▓▓▓▓▓▓▓▓▓▓▓▓▓▓▓▓▓▓▓▓▓▓▓▓▓▓


You could see a fire dragon, a great orb of eyes, 3 ettins and a friendly white
imp.

Vanquished Creatures
  A fire dragon (D)
  2 ogre magi (D)
  An iron troll (D)
  5 deep trolls (D)
  2 ugly things (D)
  An orc knight (D)
  A manticore (D)
  Maurice (D)
  3 spiny frogs (D)
  A rime drake (D)
  6 trolls (D)
  2 hippogriffs (D)
  A blink frog (D)
  A wyvern (D)
  A wraith (D)
  2 yaks (D)
  A basilisk (D)
  A steam dragon (D)
  A vampire mosquito (D)
  3 porcupines (D)
  4 water moccasins (D)
  7 orc warriors (D)
  A sky beast (D)
  2 ice beasts (D)
  An eye of draining (D)
  2 centaurs (D)
  2 crocodiles (D)
  4 bullfrogs (D)
  A scorpion (D)
  A wight (D)
  A crimson imp (D)
  An orc priest (D)
  6 orc wizards (D)
  A gnoll shaman (D)
  2 shadow imps (D)
  7 orcs (D)
  A hobgoblin (D)
  3 kobolds (D)
  A giant cockroach zombie (D)
  A rat (D)
86 creatures vanquished.

Vanquished Creatures (collateral kills)
  A hydra (D)
  3 orc knights (D)
  A komodo dragon (D)
  A blink frog (D)
  A hippogriff (D)
  2 orc warriors (D)
  An orc priest (D)
10 creatures vanquished.

Grand Total: 96 creatures vanquished

Notes
Turn   | Place    | Note
-------+----------+-------------------------------------------
     0 | D        | KillingSpree the Demonspawn Fighter began the quest for the Orb.
     0 | D        | Reached XP level 1. HP: 18/18 MP: 1/1
     4 | D        | Reached skill level 2 in Maces & Flails
     9 | D        | Reached skill level 3 in Maces & Flails
    52 | D        | Noticed a crimson imp
    52 | D        | Noticed a centaur
    52 | D        | Noticed a gnoll shaman
    60 | D        | Reached skill level 4 in Maces & Flails
    65 | D        | Killed a gnoll shaman
    65 | D        | Reached skill level 6 in Maces & Flails
    65 | D        | Gained mutation: You are partially covered in yellow scales. (AC +2) [demonic ancestry]
    65 | D        | Reached XP level 2. HP: 24/24 MP: 2/2
    65 | D        | Gained mutation: You have large cloven feet. [demonic ancestry]
    65 | D        | Reached XP level 3. HP: 29/29 MP: 3/3
    68 | D        | Killed a centaur
    68 | D        | Reached skill level 8 in Maces & Flails
    68 | D        | Reached XP level 4. HP: 35/35 MP: 4/4
    69 | D        | Reached skill level 9 in Maces & Flails
    69 | D        | Reached XP level 5. HP: 41/41 MP: 5/5
   116 | D        | Found a roughly hewn altar of Beogh.
   116 | D        | Found a snail-covered altar of Cheibriados.
   116 | D        | Found a shadowy altar of Dithmenos.
   116 | D        | Found a white marble altar of Elyvilon.
   116 | D        | Found a blossoming altar of Fedhas.
   116 | D        | Found an opulent altar of Gozag.
   117 | D        | Found a hazy altar of Hepliaklqana.
   118 | D        | Found a viscous altar of Jiyva.
   119 | D        | Found an ancient bone altar of Kikubaaqudgha.
   120 | D        | Found a corrupted altar of Lugonu.
   121 | D        | Found a burning altar of Makhleb.
   122 | D        | Found a sparkling altar of Nemelex Xobeh.
   123 | D        | Found an iron altar of Okawaru.
   124 | D        | Found a stormy altar of Qazlal.
   125 | D        | Found a sacrificial altar of Ru.
   126 | D        | Found a deep blue altar of Sif Muna.
   127 | D        | Found a bloodstained altar of Trog.
   128 | D        | Found a hide-covered altar of Uskayaw.
   129 | D        | Found a radiant altar of Vehumet.
   130 | D        | Found an ornate altar of the Wu Jian Council.
   131 | D        | Found a shimmering altar of Xom.
   132 | D        | Found a basalt altar of Yredelemnul.
   133 | D        | Found a glowing silver altar of Zin.
   134 | D        | Found a glowing golden altar of the Shining One.
   135 | D        | Became a worshipper of Trog the Wrathful
   186 | D        | Noticed an ice beast
   186 | D        | Noticed a wyvern
   186 | D        | Noticed a sky beast
   186 | D        | Noticed a centaur
   194 | D        | Killed a centaur
   197 | D        | Killed a sky beast
   197 | D        | Reached skill level 10 in Maces & Flails
   197 | D        | Gained mutation: A weak demonic guardian rushes to your aid. [demonic ancestry]
   197 | D        | Reached XP level 6. HP: 31/49 MP: 6/6
   201 | D        | Reached * piety under Trog
   210 | D        | Killed a wyvern
   210 | D        | Reached skill level 5 in Fighting
   210 | D        | Reached skill level 1 in Dodging
   213 | D        | Killed an ice beast
   213 | D        | Reached skill level 5 in Armour
   213 | D        | Reached skill level 5 in Shields
   213 | D        | Gained mutation: You are mostly covered in yellow scales. (AC +3) [demonic ancestry]
   213 | D        | Reached XP level 7. HP: 38/57 MP: 7/7
   215 | D        | Reached ** piety under Trog
   377 | D        | Noticed a basilisk
   377 | D        | Noticed a troll
   380 | D        | Killed a troll
   380 | D        | Reached skill level 11 in Maces & Flails
   380 | D        | Reached skill level 5 in Bows
   384 | D        | Killed a basilisk
   384 | D        | Reached *** piety under Trog
   388 | D        | Gained mutation: You have hoof-like feet. [demonic ancestry]
   388 | D        | Reached XP level 8. HP: 65/65 MP: 8/8
   627 | D        | Gained mutation: You are dopey. (Int -2) [potion of mutation]
   627 | D        | Gained mutation: You evolve. [potion of mutation]
   640 | D        | Noticed a hippogriff
   640 | D        | Noticed a blink frog
   640 | D        | Noticed a spiny frog
   644 | D        | Noticed a hippogriff
   645 | D        | Killed a spiny frog
   645 | D        | Reached **** piety under Trog
   646 | D        | Reached skill level 12 in Maces & Flails
   647 | D        | Noticed a komodo dragon
   648 | D        | Noticed a four-headed hydra
   657 | D        | Killed a hippogriff
   667 | D        | Killed a hippogriff
   667 | D        | Reached XP level 9. HP: 13/74 MP: 9/9
   667 | D        | Killed a komodo dragon
   669 | D        | Killed a four-headed hydra
   669 | D        | Received a gift from Trog
   669 | D        | Reached skill level 13 in Maces & Flails
   784 | D        | Gained mutation: You have a pair of small horns on your head. [evolution]
   951 | D        | Noticed a rime drake
   954 | D        | Received a gift from Trog
   958 | D        | Reached ***** piety under Trog
   966 | D        | Killed a rime drake
   966 | D        | Received a gift from Trog
   969 | D        | Received a gift from Trog
  1033 | D        | Noticed a spiny frog
  1033 | D        | Noticed a spiny frog
  1042 | D        | Killed a spiny frog
  1042 | D        | Reached skill level 14 in Maces & Flails
  1042 | D        | Reached XP level 10. HP: 83/83 MP: 10/10
  1044 | D        | Killed a spiny frog
  1112 | D        | Noticed Maurice
  1130 | D        | Killed Maurice
  1130 | D        | Reached ****** piety under Trog
  1199 | D        | Received a gift from Trog
  1215 | D        | Received a gift from Trog
  1230 | D        | Reached skill level 10 in Fighting
  1299 | D        | Noticed an orc knight
  1305 | D        | Received a gift from Trog
  1306 | D        | Noticed an orc knight
  1307 | D        | Noticed an orc knight
  1311 | D        | Killed an orc knight
  1311 | D        | Received a gift from Trog
  1311 | D        | Reached skill level 15 in Maces & Flails
  1321 | D        | Noticed an orc knight
  1333 | D        | Killed an orc knight
  1333 | D        | Reached skill level 10 in Bows
  1345 | D        | Killed an orc knight
  1345 | D        | Received a gift from Trog
  1348 | D        | Killed an orc knight
  1350 | D        | Received a gift from Trog
  1408 | D        | Found Ysufur's Armour Boutique.
  1408 | D        | Noticed an ogre mage
  1408 | D        | Noticed a deep troll
  1408 | D        | Noticed a deep troll
  1411 | D        | Noticed a deep troll
  1412 | D        | Received a gift from Trog
  1419 | D        | Killed a deep troll
  1419 | D        | Gained mutation: You have hooves in place of feet. [demonic ancestry]
  1419 | D        | Reached XP level 11. HP: 92/92 MP: 11/11
  1420 | D        | Found Tuch's Weapon Shop.
  1425 | D        | Killed a deep troll
  1431 | D        | Killed an ogre mage
  1439 | D        | Killed a deep troll
  1439 | D        | Received a gift from Trog
  1717 | D        | Found Uteyn's Jewellery Boutique.
  1719 | D        | Noticed a deep troll
  1720 | D        | Found Leson's Jewellery Shop.
  1721 | D        | Noticed an iron troll
  1727 | D        | Killed a deep troll
  1727 | D        | Reached skill level 16 in Maces & Flails
  1727 | D        | Reached skill level 10 in Armour
  1729 | D        | Noticed a deep troll
  1738 | D        | Killed an iron troll
  1740 | D        | Noticed an ogre mage
  1747 | D        | Killed a deep troll
  1752 | D        | Killed an ogre mage
  1752 | D        | Received a gift from Trog
  1752 | D        | Reached skill level 10 in Shields
  1808 | D        | Bought the ring of Phasing {EV+8} for 1280 gold pieces
  1808 | D        | Found the ring of Phasing {EV+8}
  1810 | D        | Bought the ring "Joibum" {rF+ Str+5} for 595 gold pieces
  1990 | D        | Noticed a cyan ugly thing
  1991 | D        | Noticed a cyan ugly thing
  1993 | D        | Received a gift from Trog
  1993 | D        | Reached skill level 5 in Dodging
  2006 | D        | Killed a cyan ugly thing
  2008 | D        | Received a gift from Trog
  2009 | D        | Noticed a fire dragon
  2010 | D        | Killed a cyan ugly thing
  2010 | D        | Received a gift from Trog
  2013 | D        | Noticed an ettin
  2016 | D        | Noticed a fire dragon
  2017 | D        | Noticed an ettin
  2021 | D        | Noticed an ettin
  2026 | D        | Noticed a great orb of eyes
  2033 | D        | Killed a fire dragon
  2039 | D        | Mangled by an ettin

Vault maps used:
D:        linesprint

Skill      XL: |  1  2  3  4  5  6  7  8  9 10 11 |
---------------+----------------------------------+-----
Maces & Flails | 6 8 9 10 11 12 14 15 16 | 16.4
Fighting       | 4 5 6 8 9 10 12 | 12.4
Bows           | 3 4 5 7 8 10 12 | 12.0
Armour         | 4 5 6 7 8 9 11 | 11.1
Shields        | 4 5 6 7 9 10 | 10.5
Dodging        | 1 2 3 5 |  5.5

Action                   |  1- 3 |  4- 6 |  7- 9 | 10-12 || total
-------------------------+-------+-------+-------+-------++-------
Melee: Flail             |    22 |     1 |       |   117 ||   140
       Kick              |     2 |     8 |    17 |    39 ||    66
       Morningstar       |       |    25 |    55 |    58 ||   138
       Headbutt          |       |       |     3 |    48 ||    51
Invok: Berserk           |       |     1 |     4 |     5 ||    10
       Brothers in Arms  |       |       |     1 |     3 ||     4
       Trog's Hand       |       |       |       |     1 ||     1
  Use: Potion            |     1 |       |     2 |       ||     3
       Scroll            |       |       |     1 |       ||     1
  Eat: Chunk             |       |       |     1 |     9 ||    10
       Ration            |       |       |     1 |       ||     1
Armor: Scale mail        |     8 |       |       |       ||     8
       Chain mail        |       |    10 |    14 |    54 ||    78
Dodge: Dodged            |     2 |     4 |    10 |    43 ||    59
Block: Shield            |     8 |    12 |    18 |    62 ||   100
       Large shield      |       |       |       |    25 ||    25

Table legend:
 A = Spawn XP
 B = Non-spawn XP
 C = Spawn XP percentage of total XP
 D = Spawn monster count
 E = Non-spawn monster count
 F = Spawn count percentage of total count
 G = Total turns spent on level
                    A         B        C        D         E        F      G
               +---------+---------+-------+---------+---------+-------+---------
         Total |       0 |   21702 |   0.0 |       0 |      96 |   0.0 |  2039
               +---------+---------+-------+---------+---------+-------+---------
             D |       0 |   21702 |   0.0 |       0 |      96 |   0.0 |  2039
               +---------+---------+-------+---------+---------+-------+---------
